[ PARTIDA AOE2 · #464184879 ]
UnrankedMalíes vs Japanese
Equipo del jugador · DERR
Equipo rival · VICT
[ ANÁLISIS DE REPETICIÓN · EXTRAÍDO DE LA PARTIDA GRABADA ]
Feudal
8:55
Castillos
21:21
Imperial
36:39
| APM promedio | 79.4 |
| APM pico | 125 |
| eAPM promedio | 56.9 |
| Aldeanos / militares | 280 / 740 |
Foco
⚔️ 64.9% · 🌾 35.1%
Scout Cavalry ×336 · Militia ×166 · Skirmisher ×124 · Knight ×88 · Archer ×9 · Monk ×6
Feudal
8:29
Castillos
21:19
Imperial
36:30
| APM promedio | 67.8 |
| APM pico | 207 |
| eAPM promedio | 40.2 |
| Aldeanos / militares | 314 / 383 |
Foco
⚔️ 64.5% · 🌾 35.5%
Spearman ×130 · Cavalry Archer ×104 · Militia ×55 · Hand Cannoneer ×48 · Trebuchet (Packed) ×23 · Archer ×14
Mapa de la partida
Recursos iniciales + cada clic de construcción. Líneas = muros · curvas = relieve. ◆ oro · ⬟ piedra · ● bayas · ✦ reliquia · ◌ hueco del cierre
Tu base
Base de alesh
Terreno inicial suavizado · ◌ = hueco del cierre detectado · pasá el cursor para detalles
Inputs por minuto
— Pinheads | Knolte - - alesh
Build order — Pinheads | Knolte
Primeras 150 de 1330 acciones detectadas
| 0:00 | Crear | Villager (Male) |
| 0:02 | Construir | House |
| 0:02 | Crear | Villager (Male) |
| 0:02 | Construir | House |
| 0:13 | Crear | Villager (Male) |
| 0:29 | Crear | Villager (Male) |
| 1:05 | Crear | Villager (Male) |
| 1:52 | Construir | Lumber Camp |
| 2:02 | Crear | Villager (Male) |
| 2:15 | Crear | Villager (Male) |
| 2:53 | Crear | Villager (Male) |
| 3:01 | Construir | House |
| 3:18 | Crear | Villager (Male) |
| 3:35 | Crear | Villager (Male) |
| 3:56 | Crear | Villager (Male) |
| 4:39 | Crear | Villager (Male) |
| 4:41 | Crear | Villager (Male) |
| 4:54 | Crear | Villager (Male) |
| 5:18 | Construir | Barracks |
| 5:23 | Construir | Barracks |
| 5:26 | Crear | Villager (Male) |
| 5:51 | Construir | House |
| 6:13 | Investigar | Loom |
| 6:21 | Construir | House |
| 6:45 | Investigar | Feudal Age |
| 6:46 | Investigar | Feudal Age |
| 6:47 | Crear | Militia |
| 7:10 | Crear | Militia |
| 7:10 | Crear | Militia |
| 7:14 | Construir | Palisade Wall |
| 7:29 | Construir | Mining Camp |
| 7:34 | Crear | Militia |
| 7:50 | Construir | Palisade Wall |
| 8:18 | Construir | Palisade Wall |
| 8:20 | Construir | Palisade Wall |
| 8:31 | Construir | House |
| 8:35 | Construir | Palisade Wall |
| 8:37 | Construir | Palisade Wall |
| 8:39 | Crear | Villager (Male) |
| 8:40 | Construir | Palisade Wall |
| 8:42 | Construir | Palisade Wall |
| 8:44 | Construir | Palisade Wall |
| 8:45 | Construir | Palisade Wall |
| 8:55 | Edad | Edad Feudal |
| 8:58 | Construir | Archery Range |
| 9:03 | Investigar | Man-at-Arms (upgrade) |
| 9:09 | Crear | Villager (Male) |
| 9:30 | Construir | Mill |
| 9:49 | Crear | Villager (Male) |
| 9:52 | Construir | House |
| 9:56 | Construir | House |
| 9:59 | Crear | Archer |
| 9:59 | Crear | Archer |
| 10:21 | Crear | Villager (Male) |
| 10:21 | Crear | Villager (Male) |
| 10:40 | Construir | Farm |
| 10:41 | Construir | Farm |
| 10:42 | Construir | Farm |
| 10:45 | Crear | Archer |
| 10:46 | Crear | Archer |
| 10:48 | Crear | Villager (Male) |
| 10:52 | Construir | House |
| 11:20 | Crear | Villager (Male) |
| 11:20 | Crear | Villager (Male) |
| 11:22 | Construir | Farm |
| 11:25 | Construir | Farm |
| 11:44 | Construir | Farm |
| 11:47 | Crear | Villager (Male) |
| 11:47 | Crear | Villager (Male) |
| 11:50 | Crear | Archer |
| 11:58 | Construir | Palisade Wall |
| 12:11 | Crear | Archer |
| 12:13 | Crear | Villager (Male) |
| 12:14 | Crear | Villager (Male) |
| 12:15 | Construir | Farm |
| 12:32 | Crear | Villager (Male) |
| 12:43 | Construir | House |
| 12:49 | Crear | Villager (Male) |
| 12:56 | Construir | Blacksmith |
| 13:02 | Crear | Archer |
| 13:11 | Crear | Villager (Male) |
| 13:21 | Crear | Villager (Male) |
| 13:27 | Crear | Villager (Male) |
| 13:34 | Crear | Villager (Male) |
| 13:44 | Construir | House |
| 13:52 | Investigar | Fletching |
| 13:53 | Investigar | Fletching |
| 13:55 | Crear | Skirmisher |
| 14:05 | Crear | Villager (Male) |
| 14:14 | Construir | Farm |
| 14:18 | Investigar | Double-Bit Axe |
| 14:25 | Construir | House |
| 14:26 | Construir | Palisade Wall |
| 14:30 | Crear | Archer |
| 14:36 | Crear | Villager (Male) |
| 14:40 | Crear | Skirmisher |
| 14:47 | Crear | Archer |
| 14:49 | Crear | Villager (Male) |
| 14:51 | Construir | Farm |
| 14:51 | Construir | Farm |
| 15:03 | Construir | Palisade Wall |
| 15:07 | Crear | Villager (Male) |
| 15:34 | Crear | Villager (Male) |
| 15:36 | Construir | Farm |
| 15:37 | Crear | Villager (Male) |
| 15:38 | Construir | Farm |
| 15:40 | Construir | Farm |
| 15:51 | Crear | Skirmisher |
| 16:03 | Crear | Villager (Male) |
| 16:14 | Construir | Palisade Wall |
| 16:25 | Crear | Skirmisher |
| 16:25 | Crear | Villager (Male) |
| 16:55 | Construir | Palisade Wall |
| 16:55 | Crear | Villager (Male) |
| 17:01 | Construir | Palisade Wall |
| 17:04 | Construir | Farm |
| 17:05 | Construir | Farm |
| 17:43 | Crear | Villager (Male) |
| 17:47 | Construir | House |
| 18:07 | Construir | House |
| 18:11 | Crear | Villager (Male) |
| 18:14 | Construir | House |
| 18:16 | Construir | House |
| 18:25 | Construir | Farm |
| 18:41 | Investigar | Castle Age |
| 18:41 | Investigar | Castle Age |
| 18:41 | Investigar | Castle Age |
| 18:59 | Construir | Palisade Wall |
| 19:17 | Construir | Palisade Wall |
| 19:25 | Construir | Farm |
| 19:28 | Investigar | Horse Collar |
| 19:36 | Investigar | Gold Mining |
| 19:49 | Construir | Stable |
| 19:50 | Construir | Stable |
| 19:51 | Construir | Farm |
| 20:20 | Investigar | Scale Barding Armor |
| 20:26 | Construir | Farm |
| 20:28 | Construir | Farm |
| 20:37 | Investigar | Bloodlines |
| 20:49 | Construir | Market |
| 20:51 | Construir | House |
| 21:06 | Construir | Farm |
| 21:07 | Construir | Farm |
| 21:21 | Edad | Edad de los Castillos |
| 21:22 | Crear | Knight |
| 21:23 | Crear | Knight |
| 21:23 | Investigar | Chain Barding Armor |
| 21:23 | Crear | Villager (Male) |
| 21:43 | Crear | Villager (Male) |
| 21:53 | Crear | Knight |
Build order — alesh
Primeras 150 de 951 acciones detectadas
| 0:00 | Crear | Villager (Male) |
| 0:00 | Crear | Villager (Male) |
| 0:01 | Crear | Villager (Male) |
| 0:01 | Crear | Villager (Male) |
| 0:02 | Construir | House |
| 0:03 | Construir | House |
| 1:28 | Crear | Villager (Male) |
| 1:29 | Crear | Villager (Male) |
| 2:03 | Crear | Villager (Male) |
| 2:03 | Crear | Villager (Male) |
| 2:13 | Construir | Lumber Camp |
| 2:18 | Crear | Villager (Male) |
| 2:18 | Crear | Villager (Male) |
| 2:45 | Crear | Villager (Male) |
| 2:45 | Crear | Villager (Male) |
| 3:08 | Crear | Villager (Male) |
| 3:08 | Crear | Villager (Male) |
| 3:32 | Crear | Villager (Male) |
| 3:51 | Construir | House |
| 4:25 | Crear | Villager (Male) |
| 4:37 | Crear | Villager (Male) |
| 5:02 | Crear | Villager (Male) |
| 5:10 | Construir | Barracks |
| 5:18 | Crear | Villager (Male) |
| 5:29 | Investigar | Loom |
| 5:49 | Crear | Villager (Male) |
| 5:56 | Construir | House |
| 6:19 | Investigar | Feudal Age |
| 6:19 | Investigar | Feudal Age |
| 6:25 | Construir | House |
| 7:00 | Crear | Militia |
| 7:00 | Crear | Militia |
| 7:27 | Construir | Mining Camp |
| 7:36 | Crear | Militia |
| 7:52 | Construir | Mill |
| 7:57 | Crear | Villager (Male) |
| 8:29 | Edad | Edad Feudal |
| 8:39 | Investigar | Man-at-Arms (upgrade) |
| 8:40 | Investigar | Man-at-Arms (upgrade) |
| 8:41 | Construir | Archery Range |
| 8:53 | Crear | Villager (Male) |
| 9:08 | Crear | Villager (Male) |
| 9:20 | Crear | Villager (Male) |
| 9:26 | Construir | Farm |
| 9:33 | Construir | House |
| 9:52 | Crear | Villager (Male) |
| 9:56 | Crear | Archer |
| 9:56 | Crear | Archer |
| 9:59 | Construir | Palisade Wall |
| 10:18 | Crear | Villager (Male) |
| 10:19 | Construir | Farm |
| 10:29 | Crear | Villager (Male) |
| 10:33 | Construir | Farm |
| 10:39 | Crear | Archer |
| 10:40 | Crear | Archer |
| 10:44 | Crear | Villager (Male) |
| 11:08 | Construir | House |
| 11:10 | Construir | Palisade Wall |
| 11:17 | Crear | Archer |
| 11:17 | Crear | Archer |
| 11:44 | Crear | Villager (Male) |
| 11:48 | Construir | Farm |
| 11:57 | Crear | Archer |
| 12:11 | Crear | Villager (Male) |
| 12:17 | Crear | Archer |
| 12:22 | Crear | Villager (Male) |
| 12:30 | Construir | Blacksmith |
| 12:34 | Crear | Archer |
| 12:48 | Construir | Farm |
| 12:57 | Crear | Villager (Male) |
| 13:03 | Construir | House |
| 13:05 | Construir | Palisade Wall |
| 13:11 | Crear | Villager (Male) |
| 13:17 | Construir | Palisade Wall |
| 13:22 | Investigar | Double-Bit Axe |
| 13:22 | Investigar | Double-Bit Axe |
| 13:25 | Crear | Villager (Male) |
| 13:37 | Crear | Archer |
| 13:44 | Crear | Spearman |
| 13:57 | Construir | Farm |
| 13:58 | Construir | Farm |
| 14:00 | Crear | Villager (Male) |
| 14:15 | Construir | House |
| 14:19 | Crear | Villager (Male) |
| 14:24 | Crear | Archer |
| 14:24 | Crear | Archer |
| 14:30 | Construir | Farm |
| 14:37 | Crear | Villager (Male) |
| 14:40 | Construir | Palisade Wall |
| 14:45 | Crear | Archer |
| 14:54 | Construir | Farm |
| 14:55 | Investigar | Fletching |
| 14:56 | Investigar | Fletching |
| 15:06 | Construir | House |
| 15:09 | Construir | Palisade Wall |
| 15:16 | Crear | Villager (Male) |
| 15:26 | Crear | Villager (Male) |
| 15:28 | Construir | Farm |
| 15:36 | Crear | Villager (Male) |
| 15:49 | Construir | Farm |
| 15:55 | Construir | Farm |
| 15:56 | Construir | Farm |
| 16:10 | Construir | House |
| 16:12 | Crear | Villager (Male) |
| 16:14 | Construir | Farm |
| 16:19 | Construir | Lumber Camp |
| 16:34 | Crear | Villager (Male) |
| 16:51 | Construir | House |
| 16:57 | Construir | Farm |
| 16:59 | Crear | Villager (Male) |
| 17:42 | Crear | Villager (Male) |
| 17:46 | Construir | House |
| 17:49 | Crear | Archer |
| 18:06 | Construir | House |
| 18:13 | Construir | Farm |
| 18:14 | Crear | Villager (Male) |
| 18:19 | Construir | House |
| 18:20 | Construir | House |
| 18:21 | Construir | House |
| 18:38 | Investigar | Castle Age |
| 18:38 | Investigar | Castle Age |
| 18:57 | Investigar | Gold Mining |
| 18:57 | Investigar | Gold Mining |
| 19:03 | Construir | House |
| 19:21 | Investigar | Horse Collar |
| 19:28 | Construir | Palisade Wall |
| 19:50 | Construir | Archery Range |
| 19:55 | Investigar | Padded Archer Armor |
| 19:55 | Investigar | Padded Archer Armor |
| 20:30 | Construir | Stable |
| 20:39 | Construir | Mining Camp |
| 20:48 | Crear | Villager (Male) |
| 20:48 | Crear | Villager (Male) |
| 21:15 | Investigar | Bloodlines |
| 21:15 | Investigar | Bloodlines |
| 21:18 | Crear | Villager (Male) |
| 21:19 | Edad | Edad de los Castillos |
| 21:24 | Crear | Cavalry Archer |
| 21:24 | Crear | Cavalry Archer |
| 21:24 | Crear | Cavalry Archer |
| 21:26 | Investigar | Bodkin Arrow |
| 21:26 | Investigar | Bodkin Arrow |
| 21:28 | Crear | Knight |
| 21:36 | Construir | Farm |
| 21:52 | Construir | Town Center |
| 21:56 | Crear | Cavalry Archer |
| 21:56 | Crear | Cavalry Archer |
| 21:56 | Crear | Cavalry Archer |
| 21:57 | Crear | Villager (Male) |
| 22:36 | Crear | Villager (Male) |
Cronología de la partida
| 5:10 | alesh · first_building Barracks |
| 5:18 | Pinheads | Knolte · first_building Barracks |
| 7:14 | Pinheads | Knolte · wall_segment Palisade Wall x4 |
| 7:50 | Pinheads | Knolte · wall_segment Palisade Wall x3 |
| 8:18 | Pinheads | Knolte · wall_segment Palisade Wall x1 |
| 8:20 | Pinheads | Knolte · wall_segment Palisade Wall x1 |
| 8:29 | alesh · age_up feudal |
| 8:35 | Pinheads | Knolte · wall_segment Palisade Wall x1 |
| 8:37 | Pinheads | Knolte · wall_segment Palisade Wall x1 |
| 8:40 | Pinheads | Knolte · wall_segment Palisade Wall x1 |
| 8:41 | alesh · first_building Archery Range |
| 8:42 | Pinheads | Knolte · wall_segment Palisade Wall x1 |
| 8:44 | Pinheads | Knolte · wall_segment Palisade Wall x1 |
| 8:45 | Pinheads | Knolte · wall_segment Palisade Wall x1 |
| 8:55 | Pinheads | Knolte · age_up feudal |
| 8:58 | Pinheads | Knolte · first_building Archery Range |
| 9:59 | alesh · wall_segment Palisade Wall x6 |
| 11:10 | alesh · wall_segment Palisade Wall x11 |
| 11:58 | Pinheads | Knolte · wall_segment Palisade Wall x1 |
| 13:05 | alesh · wall_segment Palisade Wall x15 |
| 13:17 | alesh · wall_segment Palisade Wall x5 |
| 14:26 | Pinheads | Knolte · wall_segment Palisade Wall x10 |
| 14:40 | alesh · wall_segment Palisade Wall x7 |
| 15:03 | Pinheads | Knolte · wall_segment Palisade Wall x17 |
| 15:09 | alesh · wall_segment Palisade Wall x11 |
| 16:14 | Pinheads | Knolte · wall_segment Palisade Wall x1 |
| 16:55 | Pinheads | Knolte · wall_segment Palisade Wall x8 |
| 17:01 | Pinheads | Knolte · wall_segment Palisade Wall x6 |
| 18:59 | Pinheads | Knolte · wall_segment Palisade Wall x1 |
| 19:17 | Pinheads | Knolte · wall_segment Palisade Wall x1 |
| 19:28 | alesh · wall_segment Palisade Wall x1 |
| 19:49 | Pinheads | Knolte · first_building Stable |
| 20:30 | alesh · first_building Stable |
| 21:19 | alesh · age_up castle |
| 21:21 | Pinheads | Knolte · age_up castle |
| 22:16 | Pinheads | Knolte · first_market_buy 100 food |
| 23:06 | alesh · wall_segment Palisade Wall x1 |
| 23:54 | Pinheads | Knolte · wall_segment Palisade Wall x1 |
| 24:07 | alesh · first_building Monastery |
| 24:11 | alesh · wall_segment Palisade Wall x1 |
| 29:11 | Pinheads | Knolte · first_building Siege Workshop |
| 31:04 | Pinheads | Knolte · first_building Monastery |
| 33:16 | Pinheads | Knolte · first_market_sell 100 wood |
| 34:56 | Pinheads | Knolte · first_building Castle |
| 35:47 | alesh · first_market_buy 100 stone |
| 35:58 | alesh · first_building Castle |
| 36:30 | alesh · age_up imperial |
| 36:39 | Pinheads | Knolte · age_up imperial |
| 39:08 | alesh · wall_segment Palisade Wall x1 |
| 39:09 | alesh · wall_segment Palisade Wall x1 |
| 41:10 | alesh · wall_segment Palisade Wall x1 |
| 41:41 | alesh · wall_segment Stone Wall x24 |
| 54:11 | alesh · first_market_sell 500 food |
| 70:58 | Pinheads | Knolte · resign |
[ ANÁLISIS IA · 1 CRÉDITO ]
¿Qué pasó realmente en esta partida?
Wolo.gg analiza cada decisión: build order, eco, micro, errores típicos por bracket. Análisis personalizado por WhatsApp o Discord en 30 segundos.
Guía civ
Malíes
Perfil
Jugador #239211